Unix NetHack Version 5.0.0-0 post-release - last build May  4 2026 22:22:43 (774f63e81ad911689b3a0859ea89b322d5daca8d,branch:main).

Game began 2026-05-10 20:07:39, ended 2026-05-10 20:09:59.

Eesui, chaotic male human Rogue

            --------
            |.......                             ----------------
            |..<...|                             |..............|       -----
            |{..%..|        ------               |..............|       |.!!|
            |.......        |....|               |..............|      #-.!!|
            |......|        |....|               |..............|      #-----
            ---.----        +.{..|               --- ----|-------      #
              ##            |.....#                      ##            #
              #             --.---#####                   #            #
              #               #       #                   #            #
              #              ##       #####      #        #### ##      #
              #               ###########@## ##########      #######   #
             ##                   ####0###a---.-+-----|-     #-----|--##
         ----.-         ----+--   #       #....k.F:.d..-#####0|.......#
         |....|      ###......-####        |..xkh`..o..|      |....{.|
         |.....#########|.....|            |O..Zdoo:...|      |......|
         |....|        #+.>...|            -------------      |>.....|
         ------         -------                               |......|
                                                              --------

Eesui the Footpad       St:12 Dx:18 Co:15 In:8 Wi:15 Ch:6  Chaotic
Dlvl:2  $:12 HP:0(21) Pw:5(5) AC:7  Xp:2/27 T:655 

Latest messages:
 $ - 4 gold pieces (12 in total).
 The goblin wields an orcish dagger!
 The goblin throws an orcish dagger!
 The orcish dagger hits the goblin.
 The goblin is killed!
 The goblin picks up an orcish dagger.
 In what direction?
 You kill the goblin!
 g - a +0 dagger (at the ready) (5 in total).
 There is a goblin corpse here; eat it? [ynq] (n)
 This goblin corpse tastes terrible!
 You finish eating the goblin corpse.
 n - an orcish dagger.
 o - an iron skull cap.
 l - a food ration (2 in total).
 "Hello, Eesui!  Welcome to Brienz's liquor emporium!"
 Pick a monster, object or location.
 !        a potion (a bubbly potion (for sale, 40 zorkmids))
 Where do you want to travel to?
 (For instructions type a '?')
 You hear a slow drip.
 You hear someone counting gold coins.
 The statue comes to life!
 Pick a monster, object or location.
 a        an ant or other insect (soldier ant)
 The soldier ant bites!
 The soldier ant stings!
 What do you want to write with? [- abgkn or ?*]
 You engrave in the floor with an uncursed wand of digging.
 Gravel flies up from the floor.
 The soldier ant turns to flee.
 The soldier ant turns to flee.
 The grid bug turns to flee.
 The soldier ant turns to flee.
 The grid bug turns to flee.
 The soldier ant turns to flee.
 The gecko turns to flee.
 The soldier ant turns to flee.
 Pick a monster, object or location.
 k        a kobold or a statue (a statue of a kobold)
 What do you want to write with? [- abgkn or ?*]
 You write in the dust with an uncursed potion of sickness.
 The soldier ant bites!
 The soldier ant stings!
 The soldier ant bites!
 The soldier ant stings!
 The soldier ant's sting was poisoned!
 You die...
 Do you want your possessions identified? [ynq] (y)
 Do you want to see your attributes? [ynq] (y)

Inventory:
 Coins    ('$')
  $ - 12 gold pieces
 Weapons  (')')
  b - a +0 dagger (wielded in left hand)
  g - 5 +0 daggers (at the ready)
  n - a +0 orcish dagger
  a - a +0 short sword (wielded in right hand)
 Armor    ('[')
  h - a cursed -1 helm of opposite alignment
  m - an uncursed +0 orcish helm
  o - an uncursed +0 orcish helm
  c - an uncursed +1 leather armor (being worn)
 Comestibles  ('%')
  l - 2 uncursed food rations
 Scrolls  ('?')
  i - an uncursed scroll of confuse monster
 Potions  ('!')
  j - an uncursed potion of see invisible
  d - an uncursed potion of sickness
 Wands    ('/')
  k - a wand of digging (0:3)
 Tools    ('(')
  f - an empty uncursed sack
  e - an uncursed lock pick

Eesui the Rogue's attributes:

Background:
 You were a Footpad, a level 2 male human Rogue.
 You were chaotic, on a mission for Kos
 who was opposed by Issek (lawful) and Mog (neutral).
 You were right-handed.
 You were in the Dungeons of Doom, on level 2.
 You entered the dungeon 655 turns ago.
 You had 27 experience points, 13 more were needed to attain level 3.

Basics:
 You had 0 out of 21 hit points.
 You had all 5 energy points (spell power).
 Your armor class was 7.
 Your wallet contained 12 zorkmids.
 Autopickup was on for '$?!/=+"' plus thrown.

Final Characteristics:
 Your strength was 12 (limit:18/100).
 Your dexterity was 18 (limit:18).
 Your constitution was 15 (limit:18).
 Your intelligence was 8 (limit:18).
 Your wisdom was 15 (limit:18).
 Your charisma was 6 (limit:18).

Final Status:
 You weren't hungry.
 You were unencumbered.
 You were wielding two weapons at once.
 Your skill in short sword was limited by being unskilled with two weapons.
 Your skill in dagger was also limited by being unskilled with two weapons.

Final Attributes:
 You were fervently aligned.
 You were stealthy.
 You were warded.
 You are dead.

Miscellaneous:
 You disabled loading and storing of bones levels.
 Total elapsed playing time was 2 minutes and 19 seconds.

Major events:
 Turn
    1: Eesui the chaotic male human Rogue entered the dungeon
  464: entered the Gnomish Mines
  655: killed by a soldier ant

You didn't know any spells.

Skills:
 Fighting Skills
   bare handed combat [Unskilled]
   two weapon combat  [Unskilled]
   riding             [Unskilled]
 Weapon Skills
   dagger             [Basic]
   knife              [Unskilled]
   short sword        [Basic]
   broadsword         [Unskilled]
   long sword         [Unskilled]
   two-handed sword   [Unskilled]
   saber              [Unskilled]
   club               [Unskilled]
   mace               [Unskilled]
   morning star       [Unskilled]
   flail              [Unskilled]
   hammer             [Unskilled]
   polearms           [Unskilled]
   spear              [Unskilled]
   crossbow           [Unskilled]
   dart               [Unskilled]
   shuriken           [Unskilled]
 Spellcasting Skills
   divination spells  [Unskilled]
   escape spells      [Unskilled]
   matter spells      [Unskilled]

Voluntary challenges:
 Character rerolling was not enabled.
 You never genocided any monsters.
 You never polymorphed an object.
 You never changed form.
 You used no wishes.
Achievements:
 You entered the Gnomish Mines.
 You entered a shop.

 The Dungeons of Doom: levels 1 to 2
    Level 1:
       Many altars, some fountains.
    Level 2: <- You were here.
       A potion shop, some fountains, a sink.
       Stairs down to The Gnomish Mines.
       Final resting place for
          you, killed by a soldier ant.
 The Gnomish Mines:
    Level 3:


Vanquished creatures:
  a kitten
  3 jackals
  a kobold
  3 goblins
  a sewer rat
  a lichen
  a newt
11 creatures vanquished.

No species were genocided or became extinct.

Game over:
                       ----------
                      /          \
                     /    REST    \
                    /      IN      \
                   /     PEACE      \
                  /                  \
                  |      Eesui       |
                  |      12 Au       |
                  |   killed by a    |
                  |   soldier ant    |
                  |                  |
                  |                  |
                  |       2026       |
                 *|     *  *  *      | *
        _________)/\\_//(\/(/\)/\//\/|_)_______

Goodbye Eesui the Rogue...

You died in The Dungeons of Doom on dungeon level 2 with 229 points,
and 12 pieces of gold, after 655 moves.
You were level 2 with a maximum of 21 hit points when you died.

